 Dungeon Crawl Stone Soup version 0.31.0-11-ge490571c62 (webtiles) character file.

Game seed: 1964626108184812394

240 qw the Skirmisher (level 5, -2/29 HPs)
             Began as a Deep Elf Hunter on Feb 4, 2024.
             Incinerated by a bombardier beetle (6 damage)
             ... with a burning spray
             ... on level 3 of the Dungeon.
             The game lasted 00:00:08 (1739 turns).

qw the Skirmisher (Deep Elf Hunter)                 Turns: 1739, Time: 00:00:08

Health: -2/29      AC:  3    Str:  9    XL:     5   Next: 79%
Magic:  7/7        EV: 17    Int: 18    God:
Gold:   133        SH:  0    Dex: 17    Spells: 4/4 levels left

rFire   . . .        a - +0 shortbow
rCold   . . .        (shield currently unavailable)
rNeg    . . .        c - +0 leather armour
rPois   .            (no helmet)
rElec   .            (no cloak)
rCorr   .            (no gloves)
SInv    .            (no boots)
Will    .....        (no amulet)
Stlth   +            d - +5 ring of evasion
HPRegen 0.24/turn    (no ring)
MPRegen 0.10/turn

%: clarity
@: on fire, glowing
A: clarity, clever 1
a: no special abilities


You were on level 3 of the Dungeon.
You visited 1 branch of the dungeon, and saw 3 of its levels.

You collected 133 gold pieces.


Innate Abilities, Weirdness & Mutations

You possess an exceptional clarity of mind.
Your mind is acute. (Int +4, Str/Dex -1)


   Skills:
 + Level 1.5 Fighting
 - Level 9.1 Ranged Weapons
 - Level 3.2 Dodging
 - Level 1.2 Stealth


You had 4 spell levels left.
You didn't know any spells.
Your spell library was empty.

Inventory:

Hand Weapons
 a - a +0 shortbow (weapon)
Armour
 c - a +0 leather armour (worn)
Jewellery
 d - a +5 ring of evasion (left hand)
Scrolls
 b - a scroll of amnesia {unknown}

Dungeon Overview and Level Annotations

Branches:
Dungeon (3/15)

Altars:


Message History

HP restored.
You see here a ball python corpse.
Found a stone staircase leading down.
A bombardier beetle comes into view.
You shoot an arrow.
The arrow hits the bombardier beetle but does no damage.
You shoot an arrow. The arrow hits the bombardier beetle.
The bombardier beetle is lightly wounded.
You shoot an arrow. The arrow hits the bombardier beetle.
The bombardier beetle is heavily wounded.
You shoot an arrow. The arrow hits the bombardier beetle.
The bombardier beetle is severely wounded.
You shoot an arrow. The arrow hits the bombardier beetle.
The bombardier beetle is severely wounded.
You shoot an arrow.
The arrow barely misses the bombardier beetle.
The bombardier beetle sprays incendiary fluid at you.
The burning spray hits you.
You are covered in liquid fire!
You shoot an arrow.
The arrow barely misses the bombardier beetle.
The liquid fire burns you!
You shoot an arrow. The arrow hits the bombardier beetle.
The bombardier beetle is almost dead.
The liquid fire burns you!
You shoot an arrow. The arrow hits the bombardier beetle.
You kill the bombardier beetle!
The liquid fire burns you!
Your Dodging skill increases to level 3!
You are on fire!
The liquid fire burns you!
You are on fire!
The liquid fire burns you!
You are on fire!
The liquid fire burns you!
You are on fire!
The liquid fire burns you!
You are on fire!
The liquid fire burns you!
You die...

.. ##. ... #..
#%# #.# #.#
#.#####@######
#...........>#
#
#######.####.#
#.########.#
##..........#
#.......#####
#.#####.# ...
#.# #.. #.#
#.##### #..


There were no monsters in sight!

Vanquished Creatures
  A bombardier beetle (D:3)
  A hound (D:3)
  An orc wizard (D:3)
  3 adders (D:2)
  7 gnolls
  A dart slug (D:3)
  4 orcs (D:3)
  6 bats
  6 endoplasms
  2 giant cockroaches (D:1)
  7 hobgoblins
  7 kobolds
  7 ball pythons
  3 frilled lizards (D:2)
  3 rats
59 creatures vanquished.

Notes
Turn   | Place    | Note
-------+----------+-------------------------------------------
     0 | D:1      | qw the Deep Elf Hunter began the quest for the Orb.
     0 | D:1      | Reached XP level 1. HP: 12/12 MP: 3/3
     0 | D:1      | 0 ||| qw: Version: 0.3-a-160-g6735b56
     0 | D:1      | 0 ||| qw: Game counter: 4773
     0 | D:1      | 0 ||| qw: Melee chars always use a shield: true
     0 | D:1      | 0 ||| qw: God list: Okawaru
     0 | D:1      | 0 ||| qw: Allow faded altars: false
     0 | D:1      | 0 ||| qw: Do Orc after clearing Dungeon:15 true
     0 | D:1      | 0 ||| qw: Do second Lair branch before Depths: true
     0 | D:1      | 0 ||| qw: Lair rune preference: random
     0 | D:1      | 0 ||| qw: Goals: Normal
     0 | D:1      | 0 ||| PLANNING D:1-11
    75 | D:1      | Reached XP level 2. HP: 16/16 MP: 4/4
    80 | D:1      | Reached skill level 6 in Ranged Weapons
   384 | D:1      | 384 ||| READING 2 scrolls labelled OXOMAU XOMOLIVVO.
   384 | D:1      | 384 ||| IDENTIFYING metallic sapphire potion
   385 | D:1      | 385 ||| READING scroll of identify.
   385 | D:1      | 385 ||| IDENTIFYING viscous ruby potion
   386 | D:1      | 386 ||| DROPPING scroll of butterflies.
   387 | D:1      | 387 ||| DROPPING potion of brilliance.
   388 | D:1      | 388 ||| DROPPING potion of attraction.
   502 | D:2      | Reached XP level 3. HP: 17/20 MP: 5/5
   733 | D:2      | Reached skill level 7 in Ranged Weapons
   739 | D:2      | 739 ||| RETREEEEATING.
   740 | D:2      | 740 ||| RETREEEEATING.
   747 | D:2      | Reached XP level 4. HP: 20/25 MP: 6/6
  1099 | D:2      | 1099 ||| UPGRADING to +5 ring of evasion.
  1100 | D:2      | 1100 ||| READING scroll labelled FEOSUURHOTT.
  1103 | D:2      | 1103 ||| READING scroll labelled HERIER ZIWASM.
  1104 | D:2      | 1104 ||| READING scroll labelled XUSKIA GEKAFYO.
  1105 | D:2      | 1105 ||| READING scroll labelled NARIHO XYCUWK.
  1106 | D:2      | 1106 ||| READING scroll labelled FEDOQE SOINUI.
  1107 | D:2      | 1107 ||| READING scroll labelled TEONEC BOANU.
  1208 | D:2      | 1208 ||| READING scroll labelled PUMILU JIZAIPOL.
  1302 | D:3      | Reached skill level 8 in Ranged Weapons
  1302 | D:3      | 1302 ||| FLEEEEING.
  1303 | D:3      | 1303 ||| FLEEEEING.
  1304 | D:3      | 1304 ||| FLEEEEING.
  1411 | D:3      | Reached XP level 5. HP: 29/29 MP: 7/7
  1415 | D:3      | 1415 ||| DRINKING fizzy red potion.
  1415 | D:3      | Gained mutation: Your mind is acute. (Int +4, Str/Dex -1)
                  | [potion of mutation]
  1415 | D:3      | Gained mutation: You possess an exceptional clarity of
                  | mind. [potion of mutation]
  1431 | D:3      | HP: 6/29 [something/magic dart (6)]
  1620 | D:3      | Reached skill level 9 in Ranged Weapons
  1735 | D:3      | Reached skill level 3 in Dodging
  1737 | D:3      | HP: 6/29 [burnt (5)]
  1739 | D:3      | Incinerated by a bombardier beetle

Levels and vault maps discovered:
D:1:      tarquinn_simple_flora_water_a, layout_basic, minmay_misc_feat_plants
D:2:      minmay_evil_eye, layout_basic
D:3:      layout_loops_ring

Skill      XL: |  1  2  3  4  5 |
---------------+----------------+-----
Ranged Weapons | 6 7 8 9 |  9.1
Dodging        | 3 |  3.2
Fighting       | |  1.5
Stealth        | |  1.2

Action                     |  1- 3 |  4- 6 || total
---------------------------+-------+-------++-------
   Fire: Shortbow          |   103 |   112 ||   215
    Use: Scroll            |     2 |     7 ||     9
         Potion            |       |     1 ||     1
 Armour: Leather armour    |    15 |    20 ||    35
  Dodge: Dodged            |    26 |    23 ||    49

Table legend:
 A = Non-vault XP
 B = Vault XP
 C = Vault XP percentage of total XP
 D = Non-vault monster count
 E = Vault monster count
 F = Vault count percentage of total count
                 A         B        C        D         E       F
            +---------+---------+-------+---------+---------+-------
      Total |     325 |      18 |   5.2 |      55 |       4 |   6.8
            +---------+---------+-------+---------+---------+-------
        D:1 |      31 |       0 |   0.0 |      19 |       0 |   0.0
        D:2 |      99 |      18 |  15.4 |      18 |       4 |  18.2
        D:3 |     195 |       0 |   0.0 |      18 |       0 |   0.0
            +---------+---------+-------+---------+---------+-------
